 Dungeon Crawl Stone Soup version 0.24.0-13-gcf9b319 (webtiles) character file.

Game seed: 3292726230240700199, levelgen mode: deterministic

50 Boetheseconed the Skirmisher (level 3, -1/29 HPs)
             Began as a Demonspawn Monk on Nov 27, 2019.
             Slain by a worm (7 damage)
             ... on level 2 of the Dungeon on Dec 1, 2019.
             The game lasted 00:07:22 (1206 turns).

Boetheseconed the Skirmisher (Demonspawn Monk)      Turns: 1206, Time: 00:07:23

Health: -1/29      AC:  2    Str: 11    XL:     3   Next: 55%
Magic:  3/3        EV: 14    Int: 11    God:
Gold:   48         SH:  0    Dex: 18    Spells: 2/2 levels left

rFire    . . .     SeeInvis .     - Unarmed
rCold    . . .     Gourm    .   (no shield)
rNeg     . . .     Faith    .   a - +0 robe
rPois    .         Spirit   .   (no helmet)
rElec    .         Reflect  .   (no cloak)
rCorr    .         Harm     .   (no gloves)
MR       .....     Rnd*Tele +   (no boots)
Stlth    ++++......             (no amulet)
HPRegen  0.09/turn              f - ring of stealth
MPRegen  0.08/turn              l - ring of teleportation (curse)

@: no status effects
A: thin skeletal structure 1
a: no special abilities


You were on level 2 of the Dungeon.
You were not hungry.

You visited 1 branch of the dungeon, and saw 2 of its levels.

You collected 48 gold pieces.

Inventory:

Armour
 a - a +0 robe (worn)
Jewellery
 f - a ring of stealth (left hand)
 l - a cursed ring of teleportation (right hand)
Scrolls
 e - 3 scrolls of teleportation {unknown}
 g - a scroll of fear {unknown}
 j - a scroll of enchant weapon {unknown}
 k - a scroll of amnesia {unknown}
Potions
 c - 2 potions of heal wounds {unknown}
 d - a potion of curing {unknown}
 h - a potion of brilliance {unknown}
 m - a potion of might {unknown}
Comestibles
 b - 2 rations
 i - 10 chunks of flesh


   Skills:
 + Level 3.5 Fighting
 + Level 3.0 Dodging
 + Level 2.2 Stealth
 + Level 3.3 Unarmed Combat


You had 2 spell levels left.
You didn't know any spells.
Your spell library was empty.

Dungeon Overview and Level Annotations

Branches:
Dungeon (2/15)

Altars:
Okawaru


Innate Abilities, Weirdness & Mutations

You have a somewhat thin skeletal structure. (Dex +2, Stealth)


Message History

You feel strangely unstable.
You are suddenly yanked towards a nearby monster!
Your surroundings seem slightly different.
Found a stone staircase leading up.
The worm bites you.
You hit the worm.
The worm is moderately wounded.
You hit the worm.
The worm is heavily wounded.
The worm bites you.
* * * LOW HITPOINT WARNING * * *
You hit the worm.
The worm is heavily wounded.
The worm closely misses you.
You barely miss the worm.
The worm is moderately wounded.
You hit the worm.
The worm is heavily wounded.
The worm bites you!
You die...

._..##.###.#####..........#....#
).).#.........................##
......)..............#.......#
###...##................รท.#
.#.............#..........#
....####............##....#
##.## #............##....# #.
#...%....w...##....# ##
#.......#@...##...##
#...............##...#
#..#...............###
#r.....##.##.##.###...
.....####.##.##.# #### .#..#
.##.#.<# #.. .##. ..# ## .##


You could see a worm.

Vanquished Creatures
  A worm (D:2)
  A leopard gecko (D:1)
  A ball python (D:2)
  6 bats
  2 giant cockroaches (D:1)
  9 goblins (D:1)
  6 hobgoblins
  A quokka (D:2)
  4 frilled lizards
  4 kobolds
  6 rats
41 creatures vanquished.

Notes
Turn   | Place    | Note
-------+----------+-------------------------------------------
     0 | D:1      | Boetheseconed the Demonspawn Monk began the quest for the
                  | Orb.
     0 | D:1      | Reached XP level 1. HP: 18/18 MP: 1/1
   118 | D:1      | Gained mutation: You have a somewhat thin skeletal
                  | structure. (Dex +2, Stealth) [demonic ancestry]
   118 | D:1      | Reached XP level 2. HP: 20/24 MP: 2/2
   801 | D:1      | Reached XP level 3. HP: 17/29 MP: 3/3
  1071 | D:2      | Found an iron altar of Okawaru.
  1206 | D:2      | Slain by a worm

Levels and vault maps discovered:
D:1:      wander_arrival_peaceful_grave, layout_basic, minmay_misc_feat_alley
D:2:      layout_rooms, okawaru_ov_weapons_minmay

Skill      XL: |  1  2  3 |
---------------+----------+-----
Unarmed Combat | 3 |  3.3
Stealth        | 2 |  2.2
Dodging        | 3 |  3.0
Fighting       | |  3.5

Action                   || total
-------------------------++-------
Melee: Unarmed           ||   166
       Punch             ||     2
 Stab: Sleeping          ||     9
       Distracted        ||     1
  Eat: Chunk             ||     1
Armor: Robe              ||    23
Dodge: Dodged            ||   114
